 Dungeon Crawl Stone Soup version 0.22.1-2-g9c5b331383 (webtiles) character file.

42 Knicklaso the Ruffian (level 3, -6/35 HPs)
             Began as a Troll Warper on Dec 4, 2018.
             Killed from afar by Terence (9 damage)
             ... with a wand of flame (26)
             ... on level 2 of the Dungeon.
             The game lasted 00:01:52 (681 turns).

Knicklaso the Ruffian (Troll Warper)                 Turns: 681, Time: 00:01:53

Health: -6/35      AC:  5    Str: 20    XL:     3   Next: 33%
Magic:  0/3        EV: 10    Int:  9    God:
Gold:   84         SH:  0    Dex:  9    Spells: 4/4 levels left

rFire    . . .     SeeInvis .     - Unarmed
rCold    . . .     Gourm    +   (no shield)
rNeg     . . .     Faith    .   a - +0 robe
rPois    .         Spirit   +   (helmet restricted)
rElec    .         Reflect  .   b - scarf {Spirit}
rCorr    .         Harm     .   (gloves unavailable)
MR       .....                  (boots unavailable)
Stlth    +.........             (no amulet)
HPRegen  0.51/turn              (no ring)
MPRegen  0.08/turn              (no ring)

@: lethally poisoned (-6 -> -6)
A: large, unfitting armour, claws 3, fast metabolism 3, gourmand, regeneration
1, shaggy fur 1, tough skin 2
a: no special abilities


You were on level 2 of the Dungeon.
You were very full.

You visited 1 branch of the dungeon, and saw 2 of its levels.

You collected 84 gold pieces.

Inventory:

Missiles
 d - 5 tomahawks of dispersal (quivered)
 k - 6 tomahawks
Armour
 a - a +0 robe (worn)
 b - a scarf of spirit shield (worn)
Scrolls
 c - a scroll of blinking
 h - 2 scrolls of teleportation {unknown}
Potions
 e - 2 potions of curing {unknown}
 g - a potion of lignification {unknown}
 i - a potion of haste {unknown}
 j - 2 potions of might {unknown}
 l - 2 potions of agility {unknown}
Comestibles
 f - 8 rations


   Skills:
 + Level 2.1 Fighting
 - Level 0.8 Throwing
 - Level 1.9 Dodging
 * Level 3.3 Unarmed Combat
 - Level 1.2 Spellcasting
   Level 2.1 Translocations


You had 4 spell levels left.
You didn't know any spells.
Your spell library contained the following spells:

 Spells                   Type           Power        Failure   Level  Hunger
 Blink                    Tloc           N/A          22%         2    ###....
 Shroud of Golubria       Chrm/Tloc      #.........   34%         2    ###....
 Gell's Gravitas          Tloc           #.........   41%         3    ####...
 Lesser Beckoning         Tloc           #.........   41%         3    ####...
 Teleport Other           Tloc           #.......     41%         3    ####...
 Passage of Golubria      Tloc           N/A          82%         4    #####..


Dungeon Overview and Level Annotations

Branches:
Dungeon (2/15)

Altars:
Ru

Annotations:
D:2 Terence


Innate Abilities, Weirdness & Mutations

You are too large for most types of armour.
You have claws for hands.
Your metabolism is lightning-fast.
You like to eat raw meat.
Your natural rate of healing is unusually fast.
You are covered in fur. (AC +1)
You have very tough skin. (AC +2)


Message History

You feel sick. Terence hits you with a mace of venom.
You are too injured to fight recklessly!
You are too injured to fight recklessly!
You closely miss Terence.
Terence is heavily wounded.
You feel sick.
Terence zaps a wand.
The puff of flame hits you!
* * * LOW HITPOINT WARNING * * *
It is a wand of flame (27).
You feel sick.
You feel sick.
You feel sick.
You feel sick.
You feel sick.
Terence zaps a wand.
The puff of flame hits you!
* * * LOW HITPOINT WARNING * * *
You feel sick.
You feel sick.
There is a stone staircase leading down here.
You feel sick.
Terence zaps a wand.
The puff of flame hits you!
You die...

...# #.#...##### ...#
#.#.......# ...#
#.#.#####.####### ...#
#.#.#####.......#####
...#
#.#.................#
.###
#.#.###@#.###.#.###.
.#########.#.###.#.#...#
................>#.#.#%#
...
#......#####.###@#.#....
..# #......# #.......#.#
#.# ... #......#
#.#.#.###.# #.. ...
##.##### #.#.# #.#
######.### #.# #.# #
######..... # #.# #.#
.......#.###.# #.# #.#.
#..<.....# #.# #.#.####
#......... #.. #......#
#....#####


You could see Terence.

Vanquished Creatures
  An adder (D:2)
  4 worms (D:2)
  A dart slug (D:1)
  A ball python (D:2)
  A giant cockroach (D:2)
  5 hobgoblins
  A bat (D:1)
  A frilled lizard (D:1)
  3 goblins (D:1)
  A rat (D:1)
19 creatures vanquished.

Notes
Turn   | Place    | Note
-------+----------+-------------------------------------------
     0 | D:1      | Knicklaso the Troll Warper began the quest for the Orb.
     0 | D:1      | Reached XP level 1. HP: 19/19 MP: 1/1
   207 | D:1      | Reached XP level 2. HP: 28/28 MP: 2/2
   448 | D:2      | Found a faded altar of an unknown god.
   487 | D:2      | Reached skill level 3 in Unarmed Combat
   511 | D:2      | Found a sacrificial altar of Ru.
   600 | D:2      | Reached XP level 3. HP: 29/35 MP: 3/3
   664 | D:2      | Noticed Terence
   681 | D:2      | Killed from afar by Terence

Skill      XL: |  1  2 |
---------------+-------+-----
Fighting       | 2 |  2.1
Unarmed Combat | 3 |  3.3
Throwing       | |  0.8
Dodging        | |  1.9
Spellcasting   | |  1.2
Translocations | |  2.1

Action                   || total
-------------------------++-------
Melee: Unarmed           ||    72
  Eat: Chunk             ||    11
Armor: Robe              ||    14
Dodge: Dodged            ||    22
